 Dungeon Crawl Stone Soup version 0.31-a0-981-geadf994542 (webtiles) character file.

Game seed: 12989842821490517848

3104 IdlyInterested the Fighter (level 9, -15/121 HPs)
             Began as a Demonspawn Fighter on Nov 1, 2023.
             Demolished by a gnoll sergeant
             ... wielding a +0 glaive
              (17 damage)
             ... in a bailey.
             The game lasted 00:21:51 (6174 turns).

IdlyInterested the Fighter (Demonspawn Fighter)     Turns: 6174, Time: 00:21:52

Health: -15/121    AC:  9    Str: 16    XL:     9   Next: 59%
Magic:  9/9        EV: 14    Int: 10    God:
Gold:   225        SH: 10    Dex: 19    Spells: 8/8 levels left

rFire   + . .        r - +2 dagger (drain)
rCold   . . .        c - +0 buckler
rNeg    . . .        y - +0 troll leather armour {Pargi}
rPois   .            (no helmet)
rElec   .            x - +0 cloak
rCorr   .            t - +0 pair of gloves
SInv    +            (no boots)
Will    .....        u - amulet of reflection Stlth
                     K - ring of protection from fire
HPRegen 1.20/turn    j - ring of see invisible
MPRegen 0.11/turn

%: reflection
@: berserking, very quick
A: molten scales 2, foul stench 1, spiny 1, hooves 1, thin skeletal structure 1
a: no special abilities


You were in a bailey.
You visited 1 branch of the dungeon, and saw 7 of its levels.
You also visited: Bailey.

You collected 247 gold pieces.
You spent 22 gold pieces at shops.

Inventory:

Hand Weapons
 a - a +0 rapier
 b - a +1 hand axe of flaming
 p - a +0 spear
 r - a +2 dagger of draining (weapon)
 w - a +3 quarterstaff of chaos
 H - a +0 hand axe
 I - a +1 short sword of venom
 Q - a +0 dagger of venom
 R - a +2 flail of protection
 T - a +0 morningstar
 W - a +0 long sword
Missiles
 h - 59 stones (quivered)
 N - 8 boomerangs
 P - 5 poisoned darts
 Z - 4 throwing nets
Armour
 c - a +0 buckler (worn)
 t - a +0 pair of gloves (worn)
 x - a +0 cloak (worn)
 y - a +0 troll leather armour (worn) {Pargi}
Magical Staves
 i - a staff of conjuration
Jewellery
 f - a +6 ring of strength
 j - a ring of see invisible (right hand)
 q - an amulet of the acrobat
 u - an amulet of reflection (around neck)
 J - an amulet of faith
 K - a ring of protection from fire (left hand)
 V - a ring of flight
Talismans
 U - a maw talisman
Wands
 O - a wand of charming (24)
 Y - a wand of mindburst (10)
Scrolls
 e - 3 scrolls of fog
 l - 4 scrolls of vulnerability
 m - 3 scrolls of immolation
 o - a scroll of acquirement
 D - a scroll of fear
 E - 2 scrolls of torment
 G - a scroll of amnesia
 L - 2 scrolls of enchant weapon
 M - a scroll of teleportation
 X - 3 scrolls of identify
Potions
 d - a potion of might
 g - 3 potions of haste
 k - 2 potions of invisibility
 n - a potion of lignification
 s - a potion of berserk rage
 z - a potion of brilliance {unknown}
 A - 3 potions of mutation
 B - 2 potions of curing
 C - a potion of degeneration {unknown}
 F - a potion of enlightenment {unknown}
 S - a potion of attraction {unknown}


   Skills:
 + Level 11.0 Fighting
 - Level 2.0 Short Blades
 - Level 2.0 Throwing
 - Level 5.0 Armour
 - Level 5.0 Dodging
 - Level 2.0 Stealth
 - Level 2.6 Shields
 - Level 2.0 Evocations


You had 8 spell levels left.
You didn't know any spells.
Your spell library contained the following spells:

 Spells                   Type           Power      Damage    Failure   Level
 Blink                    Tloc           0%         N/A       65%         2
 Lesser Beckoning         Tloc           0%         N/A       65%         2
 Momentum Strike          Conj/Tloc      0%         3d8       65%         2
 Hailstorm                Conj/Ice       0%         3d3       87%         3
 Stone Arrow              Conj/Erth      0%         3d7       87%         3
 Animate Armour           Summ/Erth      0%         N/A       99%         4
 Summon Ice Beast         Ice/Summ       0%         N/A       99%         4
 Simulacrum               Ice/Necr       0%         N/A       100%        6
 Lehudib's Crystal Spear  Conj/Erth      0%         10d2      100%        8


Dungeon Overview and Level Annotations

Branches:
Dungeon (7/15)             Temple (0/1) D:7          Bailey (1/1)

Altars:
Cheibriados
Kikubaaqudgha
Qazlal
Uskayaw
Vehumet

Shops:
D:1 [   D:2 *


Innate Abilities, Weirdness & Mutations

You are mostly covered in molten scales. (AC +3)
You may rarely emit foul miasma when damaged in melee.
You are partially covered in sharp spines.
You have large cloven feet.
You have a somewhat thin skeletal structure. (Dex +2, Stealth+)


Message History

The wolf closely misses you. The gnoll sergeant barely misses you.
You feel a bit more experienced. The gnoll attacks as it pursues you!
The gnoll completely misses you.
You feel much better. You block the gnoll's attack.
You hit the wolf.
The wolf is lightly wounded.
The wolf stops to sniff the ground.
The wolf is struck by your spines. The wolf bites you.
The gnoll sergeant hits you from afar with a +0 glaive.
You block the gnoll's attack. The wolf is struck by your spines.
The wolf bites you.
You emit a cloud of foul miasma!
You closely miss the wolf.
The wolf is heavily wounded.
The gnoll sergeant is no longer moving quickly.
The gnoll sergeant barely misses you.
The wolf is engulfed in dark miasma.
The wolf is poisoned.
You block the wolf's attack.
The gnoll hits you from afar with a +0 trident.
The gnoll bouda barks out a call to the hunt!
The gnoll sergeant picks up the pace!
You hit the wolf but do no damage. You drain the wolf. You kick the wolf.
The wolf is almost dead.
The wolf is engulfed in dark miasma.
The wolf looks even sicker.
The wolf seems to slow down.
You kill the wolf!
The gnoll sergeant hits you from afar with a +0 glaive!
* * * LOW HITPOINT WARNING * * *
The gnoll closely misses you.
Your Fighting skill increases to level 11!
A red film seems to cover your vision as you go berserk!
You feel yourself moving faster!
You feel mighty! You block the gnoll sergeant's attack.
You block the gnoll's attack.
You feel a strong urge to attack something.
You block the gnoll's attack.
The gnoll sergeant hits you from afar with a +0 halberd!
* * * LOW HITPOINT WARNING * * *
The gnoll sergeant hits you with a +0 glaive!
* * * LOW HITPOINT WARNING * * *
You emit a cloud of foul miasma!
The gnoll closely misses you.
The gnoll sergeant hits you with a +0 glaive!
You die...

..# #...)..##..≈♣ ..#
+..).)..#..≈♣ ..#
###.....#..≈♣ ..#
##....#..≈♣ ..#
###'##..≈♣ ..+
#......≈♣ ).+ +....).≈♣
..+ #......≈♣ ..#
###@##..≈♣ ..#
##gggg#..≈♣ ..#
#.gghh#..≈♣ ..#
g.......g.#..≈♣ ..#
.........##..≈♣ ..###
......8.##...≈♣
≈...#############...≈≈♣
≈≈≈≈≈≈≈≈≈≈≈≈≈≈≈≈≈≈≈≈≈♣♣
♣♣♣♣♣♣♣♣♣♣♣♣♣♣♣♣♣♣♣♣♣♣


You could see 3 gnoll sergeants, 2 wolves, a gnoll bouda (swift) and 3 gnolls.

Vanquished Creatures
  2 steam dragons
  Edmund (D:5)
  A water moccasin (D:7)
  Pargi (D:3)
  An ice beast (D:5)
  2 sky beasts (D:6)
  A black bear (D:5)
  An ogre (D:6)
  2 wolves (Bailey)
  A centaur (D:5)
  A phantom (D:6)
  A gnoll sergeant (Bailey)
  2 bullfrogs
  4 scorpions
  5 wights (D:7)
  A howler monkey (D:5)
  3 jellies
  4 gnoll boudas
  An orc priest (D:4)
  5 hounds
  2 sleepcaps (D:5)
  Crazy Yiuf (D:2)
  Natasha (thrice) (D:2)
  3 iguanas
  6 orc wizards
  12 gnolls
  8 adders
  A worm (D:4)
  3 dart slugs
  10 orcs
  A bat zombie (D:3)
  10 endoplasms
  3 giant cockroaches
  5 goblins
  10 hobgoblins
  7 kobolds
  5 quokkas
  6 ball pythons
  8 bats
  2 frilled lizards
  6 rats
  A rat zombie (D:3)
153 creatures vanquished.

Notes
Turn   | Place    | Note
-------+----------+-------------------------------------------
     0 | D:1      | IdlyInterested the Demonspawn Fighter began the quest for
                  | the Orb.
     0 | D:1      | Reached XP level 1. HP: 18/18 MP: 1/1
    49 | D:1      | Found Cutanyna's Antique Armour Emporium.
   132 | D:1      | Gained mutation: You are partially covered in molten
                  | scales. (AC +2) [demonic ancestry]
   132 | D:1      | Reached XP level 2. HP: 21/24 MP: 2/2
   166 | D:1      | Reached skill level 1 in Dodging
   309 | D:1      | Reached skill level 1 in Stealth
   444 | D:1      | Reached skill level 1 in Throwing
   881 | D:2      | Gained mutation: You are mostly covered in molten scales.
                  | (AC +3) [demonic ancestry]
   881 | D:2      | Reached XP level 3. HP: 29/29 MP: 3/3
   959 | D:2      | Reached skill level 1 in Evocations
  1087 | D:2      | Noticed Natasha
  1100 | D:2      | Killed Natasha
  1101 | D:2      | Reached skill level 4 in Fighting
  1101 | D:2      | Gained mutation: You are partially covered in sharp spines.
                  | [demonic ancestry]
  1101 | D:2      | Reached XP level 4. HP: 25/37 MP: 4/4
  1392 | D:2      | Noticed Natasha
  1399 | D:2      | Killed Natasha
  1400 | D:2      | Gained mutation: You may rarely emit foul miasma when
                  | damaged in melee. [demonic ancestry]
  1400 | D:2      | Reached XP level 5. HP: 37/42 MP: 5/5
  1438 | D:2      | Found a runed translucent door.
  1439 | D:2      | Noticed Crazy Yiuf
  1562 | D:2      | Noticed Natasha
  1568 | D:2      | Killed Natasha
  1623 | D:2      | Found Iredif's Assorted Antiques.
  1631 | D:2      | Bought an amethyst potion for 22 gold pieces
  1844 | D:2      | Killed Crazy Yiuf
  1934 | D:3      | Noticed Pargi
  1946 | D:3      | Killed Pargi
  1947 | D:3      | Reached skill level 5 in Fighting
  1947 | D:3      | Reached XP level 6. HP: 52/52 MP: 6/6
  2160 | D:3      | Found a faded altar of an unknown god.
  2299 | D:3      | Found an ancient bone altar of Kikubaaqudgha.
  2467 | D:3      | Reached skill level 6 in Fighting
  2993 | D:4      | Found a snail-covered altar of Cheibriados.
  3008 | D:4      | Identified a scroll of acquirement
  3042 | D:4      | Gained mutation: You have a somewhat thin skeletal
                  | structure. (Dex +2, Stealth+) [potion of mutation]
  3042 | D:4      | Gained mutation: You have large cloven feet. [potion of
                  | mutation]
  3543 | D:4      | Reached XP level 7. HP: 59/59 MP: 7/7
  3603 | D:4      | Noticed a +0 short sword
  3605 | D:4      | Noticed a +0 short sword
  3607 | D:4      | Noticed a +0 spear
  3607 | D:4      | Noticed a +0 dagger
  3607 | D:4      | Noticed a +0 falchion
  3607 | D:4      | Noticed a +0 falchion
  3608 | D:4      | Noticed a +0 dagger
  3608 | D:4      | Noticed a +0 spear
  3639 | D:4      | Found a hide-covered altar of Uskayaw.
  4052 | D:5      | Entered Level 5 of the Dungeon
  4056 | D:5      | Reached skill level 7 in Fighting
  4200 | D:5      | Noticed Edmund
  4210 | D:5      | Killed Edmund
  4211 | D:5      | Reached skill level 8 in Fighting
  4277 | D:5      | Reached XP level 8. HP: 59/68 MP: 8/8
  4321 | D:5      | Found a stormy altar of Qazlal.
  4855 | D:6      | Reached skill level 9 in Fighting
  4917 | D:6      | Found a radiant altar of Vehumet.
  5032 | D:6      | Reached skill level 10 in Fighting
  5032 | D:6      | Reached XP level 9. HP: 77/78 MP: 9/9
  5410 | D:6      | Reached skill level 5 in Armour
  5909 | D:7      | Found a flagged portal.
  5934 | D:7      | Reached skill level 5 in Dodging
  5959 | Bailey   | Entered a bailey
  6173 | Bailey   | Reached skill level 11 in Fighting
  6174 | Bailey   | HP: 2/121 [gnoll sergeant/+0 glaive (8)]
  6174 | Bailey   | Demolished by a gnoll sergeant

Illustrated notes

Levels and vault maps discovered:
D:1:      kennysheep_arrival_seaside, layout_basic, serial_shops, shop
D:2:      layout_loops_ring, serial_shops, nicolae_shop_pleasant_corner_grove,
          uniq_crazy_yiuf_cottage, uniq_natasha
D:3:      layout_loops_corners, lemuel_zombie_altar_kikubaaqudgha, serial_glass,
          glass_columns_a, glass_columns_a, dilly_ecumenical_altar_fadedgnrine,
          minmay_increasing_density, uniq_pargi
D:4:      layout_basic, mainiacjoe_overflow_small_starburst,
          nicolae_uskayaw_en_pointe, serial_co_window_serial, co_window_paths_a,
          co_window_of_opportunity_a, co_window_paths_a, co_window_paths_a,
          co_window_cross_1, co_window_paths_b, co_window_corner_b,
          co_window_unsneaky_path_c, co_window_corner_cb, co_window_paths_c,
          co_window_corner_b, co_window_broadway_a, co_window_paths_c
D:5:      layout_loops_ring, kennysheep_diamond, uniq_edmund
D:6:      layout_loops_ring, mainiacjoe_overflow_surrounded_room,
          serial_bayou_pond_a
D:7:      layout_layer_cave, minmay_temple_entry_statues, enter_bailey_2
Bailey:   bailey_polearm_gnolls_kennysheep, bailey

Skill      XL: |  1  2  3  4  5  6  7  8  9 |
---------------+----------------------------+-----
Armour         | 3 4 5 |  5.0
Short Blades   | 2 |  2.0
Dodging        | 1 2 3 4 5 |  5.0
Stealth        | 1 2 |  2.0
Throwing       | 1 2 |  2.0
Evocations     | 1 2 |  2.0
Fighting       | 4 5 6 8 10 11 | 11.0
Shields        | |  2.6

Action                     |  1- 3 |  4- 6 |  7- 9 || total
---------------------------+-------+-------+-------++-------
  Melee: Rapier            |   100 |    20 |       ||   120
         Dagger            |       |   135 |   231 ||   366
         Kick              |       |     8 |   104 ||   112
         Hand axe          |       |       |    21 ||    21
  Throw: Stone             |       |       |     6 ||     6
    Use: Scroll            |       |    10 |     2 ||    12
         Potion            |       |     5 |     4 ||     9
   Stab: Sleeping          |       |     4 |     8 ||    12
 Armour: Scale mail        |    85 |    27 |       ||   112
         Troll leather arm |       |    30 |   125 ||   155
  Dodge: Dodged            |    40 |    39 |   145 ||   224
  Block: Buckler           |    27 |    58 |   149 ||   234
         Reflection        |       |     1 |     2 ||     3

Table legend: (Time is in decaauts)
 A = Elapsed time spent in this place.
 B = Non-inter-level travel time spent in this place.
 C = Inter-level travel time spent in this place.
 D = Time resting spent in this place.
 E = Time spent auto-exploring this place.
 F = Levels seen in this place.
 G = Mean time per level.
                   A        B        C        D        E       F      G
               +--------+--------+--------+--------+--------+-----+--------+
         Total |   6185 |   5538 |    647 |    258 |   3661 |   8 |  773.1 |
       Dungeon |   5975 |   5328 |    647 |    240 |   3661 |   7 |  853.6 |
        Bailey |    210 |    210 |      0 |     18 |      0 |   1 |  210.0 |
               +--------+--------+--------+--------+--------+-----+--------+

Top non-repeatable levels by time:
     D:2: 1134 daAuts
     D:4: 1126 daAuts
     D:3: 1073 daAuts
     D:1: 997 daAuts
     D:5: 815 daAuts
     D:6: 770 daAuts
  Bailey: 210 daAuts
     D:7: 58 daAuts
